 Dungeon Crawl Stone Soup version 0.19.0 (webtiles) character file.

37719 AlphabetPasta the Zephyrmancer (level 13, -7/59 HPs)
             Began as a Spriggan Air Elementalist on Nov 18, 2016.
             Was a High Priest of Vehumet.
             Killed from afar by a lindwurm (32 damage)
             ... with a blast of flame
             ... on level 4 of the Lair of Beasts on Nov 19, 2016.
             The game lasted 02:47:25 (23831 turns).

AlphabetPasta the Zephyrmancer (SpAE)              Turns: 23831, Time: 02:47:26

Health: -7/59      AC:  4    Str:  4    XL:     13   Next: 59%
Magic:  13/29      EV: 24    Int: 22    God:    Vehumet [*****.]
Gold:   995        SH:  8    Dex: 21    Spells: 10 memorised, 6 levels left

rFire  . . .     SeeInvis +     b - +3 dagger (venom)
rCold  . . .     Gourm    .     P - +1 robe {MR+}
rNeg   . . .     Faith    .     G - +0 buckler
rPois  +         Spirit   .     s - +1 hat
rElec  .         Reflect  .     (no cloak)
rCorr  .         Harm     .     (gloves unavailable)
MR     +++..                    (boots unavailable)
Stlth  ++++......               (no amulet)
                                m - ring of poison resistance
                                X - +5 ring of dexterity

@: very slightly contaminated, repel missiles, very quick
A: unfitting armour, see invisible, herbivore 3, speed 3, slow metabolism 2
a: Renounce Religion


You were on level 4 of the Lair of Beasts.
You worshipped Vehumet.
Vehumet was extremely pleased with you.
You were not hungry.

You visited 4 branches of the dungeon, and saw 18 of its levels.
You also visited: Sewer and Volcano.

You collected 995 gold pieces.

Inventory:

Hand Weapons
 a - a +1 short sword of venom
 b - a +3 dagger of venom (weapon)
 h - a +0 rapier
 Q - a +2 falchion of holy wrath
 T - a +1 rapier of flaming
Armour
 o - +0 steam dragon scales
 r - +0 fire dragon scales
 s - a +1 hat (worn)
 v - +0 mottled dragon scales
 G - a +0 buckler (worn)
 P - a +1 robe of magic resistance (worn)
Magical Staves
 K - an uncursed staff of air
Jewellery
 m - a ring of poison resistance (right hand)
 J - a +1 ring of evasion
 V - an uncursed ring of ice
 X - a +5 ring of dexterity (left hand)
Wands
 f - a wand of paralysis (1/24)
 A - a wand of flame (21/48)
 I - a wand of iceblast (0/15)
 L - a wand of acid (7/15)
 M - a wand of lightning (10/15)
 N - a wand of confusion (16/48)
 O - a wand of enslavement (19/24)
Scrolls
 d - 5 scrolls of enchant armour
 k - 2 scrolls of blinking
 l - a scroll of fear
 n - 6 scrolls of teleportation
 u - 2 scrolls of enchant weapon
 w - 3 scrolls of remove curse
 x - 6 scrolls of amnesia
 y - 2 scrolls of magic mapping
 B - 4 scrolls of recharging
 F - 2 scrolls of fog
Potions
 i - 2 potions of invisibility
 j - 3 potions of curing
 p - 3 potions of might
 q - 3 potions of flight
 t - 3 potions of haste
 z - a potion of cure mutation
 C - 5 potions of agility
 D - 3 potions of brilliance
 U - 2 potions of resistance
Books
 R - a book of Minor Magic

   Spells                             Type                      Level
   a - Magic Dart                     Conjuration                  1
   b - Blink                          Translocation                2
   c - Call Imp                       Summoning                    2
   d - Repel Missiles                 Charms/Air                   2
   e - Slow                           Hexes                        2
   f - Conjure Flame                  Conjuration/Fire             3
   g - Mephitic Cloud                 Conjuration/Poison/Air       3
Miscellaneous
 g - a phial of floods
Comestibles
 c - 11 bread rations


   Skills:
 - Level 2.4 Fighting
 - Level 4.0 Short Blades
 + Level 7.8 Dodging
 - Level 9.0 Stealth
 - Level 4.1 Shields
 + Level 11.5 Spellcasting
 * Level 10.0 Conjurations
 - Level 1.1 Charms
 * Level 13.0 Air Magic
 - Level 1.0 Evocations


You had 6 spell levels left.
You knew the following spells:

 Your Spells              Type           Power        Failure   Level  Hunger
a - Shock                 Conj/Air       ####         1%          1    None
b - Repel Missiles        Chrm/Air       #####.       1%          2    None
c - Magic Dart            Conj           ####         1%          1    None
d - Static Discharge      Conj/Air       ######..     1%          3    None
e - Searing Ray           Conj           ######       1%          2    None
f - Force Lance           Conj/Tloc      ####....     3%          4    None
g - Lightning Bolt        Conj/Air       ######....   1%          5    ####...
h - Dazzling Spray        Conj/Hex       ####..       1%          3    None
i - Blink                 Tloc           N/A          12%         2    None
j - Conjure Ball Lightni  Conj/Air       ######....   3%          6    #####..


Dungeon Overview and Level Annotations

Branches:
Dungeon (12/15)            Temple (1/1) D:6            Lair (4/6) D:8
  Swamp (0/4) Lair:3          Orc (1/2) D:11
  Snake: Lair:2-4    Spider: Lair:2-4

Altars:
Ashenzari
Cheibriados
Dithmenos
Elyvilon
Fedhas
Gozag
Hepliaklqana
Kikubaaqudgha
Makhleb
Nemelex Xobeh
Okawaru
Qazlal
Ru
Sif Muna
Trog
Uskayaw
Vehumet
Xom
Yredelemnul
Zin
The Shining One
Beogh

Annotations:
D:5 luneth's ghost, amateur MiFi
Lair:1 Gastronok


Innate Abilities, Weirdness & Mutations

You are very small and have problems with some larger weapons.
You are too small for most types of armour.
You have supernaturally acute eyesight. (SInv)
You are a herbivore.
You cover ground extremely quickly.
You need consume almost no food.


Message History

Casting: Searing Ray
Confirm with . or Enter, or press ? or * to list all spells.
Aiming: Searing Ray
Press: ? - help, Shift-Dir - straight line, f/p - lindwurm
Aim: a lindwurm (heavily wounded)
The searing ray hits the lindwurm.
The lindwurm is heavily wounded.
The lindwurm breathes flames at you. The blast of flame hits you!
Ouch! That really hurt!
The searing ray hits the lindwurm.
The lindwurm is severely wounded.
The lindwurm breathes flames at you. The blast of flame misses you.
The searing ray hits the lindwurm.
The lindwurm is almost dead.
The lindwurm breathes flames at you. The blast of flame hits you!
Ouch! That really hurt!
You die...

....... ##.....#.
#.......$ #.....# ..
######k..#
..#####.##...PP#
...#.#......####
...#.......#
#........@##
#..........## ...
##..........# ....
#...........# ......
#....(.......#
.......###..........#
......####........P##
................P###
......#..........#


You could see a lindwurm.

Vanquished Creatures
  A fire dragon (Volcano)
  3 hydras
  An unseen horror (D:11)
  Pikel (D:6)
  An ugly thing (D:12)
  Maurice (D:8)
  2 salamanders (Volcano)
  6 black mambas
  A centaur skeleton (D:12)
  7 spiny frogs
  4 kobold demonologists
  6 komodo dragons
  A tyrant leech (Lair:3)
  5 trolls
  5 two-headed ogres
  A polar bear (Lair:2)
  14 blink frogs
  4 hippogriffs
  3 slime creatures (D:12)
  A shadow (D:12)
  A spriggan (D:8)
  A wraith (D:12)
  9 wyverns
  33 yaks
  11 fire bats (Volcano)
  A steam dragon (Volcano)
  2 hungry ghosts
  2 mottled dragons
  14 water moccasins
  2 swamp worms (Lair:3)
  22 porcupines
  4 black bears
  4 orc warriors
  A phantom (D:5)
  A hornet zombie (D:9)
  2 sky beasts
  2 slaves (D:6)
  4 ogres
  A wolf (Lair:2)
  7 centaurs
  The ghost of CanadianGator the Cutter, an amateur HaBe of Trog (D:3)
  12 crocodiles
  6 big kobolds
  15 bullfrogs
  A wyvern skeleton (D:8)
  3 scorpions
  7 killer bees
  10 wights
  3 howler monkeys
  3 crimson imps
  A jelly (D:9)
  6 orc priests
  4 hounds
  A quasit (D:10)
  A bullfrog skeleton (D:11)
  2 iguanas
  9 orc wizards
  12 worker ants
  A killer bee zombie (D:7)
  A hound skeleton (D:5)
  A worker ant zombie (D:5)
  3 gnolls (D:5)
  A howler monkey skeleton (D:7)
  17 adders
  5 shadow imps
  5 oozes
  An adder skeleton (D:7)
  7 worms
  A dart slug (D:5)
  7 leopard geckos
  65 orcs
  4 ball pythons
  14 bats
  10 giant cockroaches
  6 goblins
  6 hobgoblins
  14 jackals
  34 kobolds
  3 quokkas
  9 frilled lizards
  A jackal skeleton (D:5)
  A leopard gecko skeleton (D:3)
  4 rats
  A plant (Volcano)
511 creatures vanquished.

Vanquished Creatures (others)
  A steam dragon (Volcano)
  A worker ant (D:6)
  A giant cockroach (D:6)
  4 fungi
  17 plants
24 creatures vanquished.

Grand Total: 535 creatures vanquished

Notes
Turn   | Place    | Note
-------+----------+-------------------------------------------
     0 | D:1      | AlphabetPasta the Spriggan Air Elementalist began the quest for the Orb.
     0 | D:1      | Reached XP level 1. HP: 9/9 MP: 5/5
   260 | D:1      | Reached skill level 3 in Air Magic
   287 | D:1      | Reached XP level 2. HP: 13/13 MP: 3/6
   291 | D:1      | Learned a level 2 spell: Repel Missiles
   294 | D:1      | Learned a level 2 spell: Swiftness
   907 | D:2      | Reached XP level 3. HP: 16/16 MP: 4/8
   987 | D:2      | Learned a level 3 spell: Static Discharge
  1081 | D:2      | You fall through a shaft!
  1081 | D:3      | Found a faded altar of an unknown god.
  1082 | D:3      | Noticed CanadianGator's ghost (amateur HaBe)
  1162 | D:3      | Reached skill level 1 in Short Blades
  1245 | D:3      | Reached skill level 1 in Conjurations
  1421 | D:2      | Reached XP level 4. HP: 21/21 MP: 9/9
  2499 | D:3      | Reached skill level 4 in Air Magic
  2952 | D:3      | Reached XP level 5. HP: 24/24 MP: 3/11
  3112 | D:3      | Killed CanadianGator's ghost
  3540 | D:4      | Reached XP level 6. HP: 27/28 MP: 8/13
  3845 | D:4      | Found a glowing drain.
  3916 | Sewer    | Entered a sewer
  4414 | Sewer    | Reached skill level 5 in Air Magic
  5311 | D:5      | Entered Level 5 of the Dungeon
  5485 | D:5      | Reached skill level 5 in Spellcasting
  5485 | D:5      | Reached XP level 7. HP: 26/32 MP: 3/15
  5776 | D:5      | Noticed luneth's ghost (amateur MiFi)
  6113 | D:5      | Found a white marble altar of Elyvilon.
  6875 | D:6      | Found a staircase to the Ecumenical Temple.
  6882 | Temple   | Entered the Ecumenical Temple
  6946 | Temple   | Became a worshipper of Vehumet
  7077 | D:6      | Noticed Pikel
  7088 | D:6      | Killed Pikel
  7088 | D:6      | Reached skill level 6 in Air Magic
  7088 | D:6      | Reached XP level 8. HP: 21/36 MP: 6/18
  7457 | D:6      | Reached skill level 5 in Stealth
  7536 | D:6      | Found a sparkling altar of Nemelex Xobeh.
  7861 | D:7      | Reached skill level 7 in Air Magic
  8117 | D:7      | Reached * piety under Vehumet
  8117 | D:7      | Offered knowledge of Magic Dart by Vehumet.
  8120 | D:7      | Reached skill level 5 in Dodging
  8123 | D:7      | Learned a level 1 spell: Magic Dart
  8752 | D:7      | Reached skill level 1 in Charms
  8752 | D:7      | Reached XP level 9. HP: 40/40 MP: 11/20
  8821 | D:8      | Reached skill level 1 in Fighting
  8933 | D:8      | Found a staircase to the Lair.
  8934 | D:8      | Noticed a komodo dragon
  8937 | D:8      | Noticed Maurice
  8997 | D:8      | Killed Maurice
  8997 | D:8      | Reached skill level 1 in Shields
  9607 | D:8      | Killed a komodo dragon
  9607 | D:8      | Reached skill level 8 in Air Magic
  9875 | D:8      | Reached skill level 5 in Conjurations
 10287 | D:8      | Reached ** piety under Vehumet
 10437 | D:8      | Offered knowledge of Searing Ray by Vehumet.
 10444 | D:8      | Learned a level 2 spell: Searing Ray
 10656 | D:8      | Reached XP level 10. HP: 26/45 MP: 12/22
 11260 | D:9      | Offered knowledge of Ignite Poison by Vehumet.
 11466 | D:9      | Found a burning altar of Makhleb.
 11595 | D:9      | Reached skill level 9 in Air Magic
 12156 | D:10     | Entered Level 10 of the Dungeon
 12276 | D:10     | Identified a scroll of acquirement
 12358 | D:10     | Reached *** piety under Vehumet
 12948 | D:10     | Got a smoking robe
 12959 | D:10     | Identified the +1 robe of the Invisible Hand {-Cast rC+ rN+ Str+6} (You found it on level 10 of the Dungeon)
 13243 | D:11     | Offered knowledge of Force Lance by Vehumet.
 13249 | D:11     | Learned a level 4 spell: Force Lance
 13545 | D:11     | Found a roughly hewn altar of Beogh.
 13545 | D:11     | Found a staircase to the Orcish Mines.
 13562 | D:11     | Noticed an unseen horror
 13583 | D:11     | Killed an unseen horror
 13583 | D:11     | Reached XP level 11. HP: 27/49 MP: 19/25
 13590 | D:11     | Learned a level 5 spell: Lightning Bolt
 14332 | D:11     | Reached skill level 10 in Air Magic
 14549 | D:11     | Reached **** piety under Vehumet
 14647 | Orc:1    | Entered Level 1 of the Orcish Mines
 14699 | D:12     | Offered knowledge of Dazzling Spray by Vehumet.
 14704 | D:12     | Learned a level 3 spell: Dazzling Spray
 16095 | D:12     | Noticed a brown ugly thing
 16128 | D:12     | Killed a brown ugly thing
 16220 | D:12     | Reached ***** piety under Vehumet
 16400 | D:12     | Offered knowledge of Ozocubu's Refrigeration by Vehumet.
 16564 | Lair:1   | Entered Level 1 of the Lair of Beasts
 16945 | Lair:1   | Noticed Gastronok
 17444 | D:8      | Reached skill level 10 in Spellcasting
 17591 | Lair:1   | Reached skill level 11 in Air Magic
 17607 | Lair:1   | Reached XP level 12. HP: 20/56 MP: 7/27
 18984 | Lair:2   | Noticed a six-headed hydra
 18989 | Lair:2   | Killed a six-headed hydra
 19560 | Lair:2   | Offered knowledge of Iron Shot by Vehumet.
 19861 | Lair:2   | Reached skill level 12 in Air Magic
 20621 | Lair:3   | Found a dark tunnel.
 20686 | Volcano  | Entered a volcano
 20789 | Volcano  | Reached XP level 13. HP: 36/59 MP: 29/29
 21281 | Volcano  | Noticed a fire dragon
 21366 | Volcano  | Killed a fire dragon
 21574 | Volcano  | Learned a level 2 spell: Blink
 21964 | Lair:3   | Found an opulent altar of Gozag.
 22095 | Lair:3   | Found a staircase to the Swamp.
 22235 | Lair:3   | Reached skill level 1 in Evocations
 23010 | Lair:3   | Offered knowledge of Conjure Ball Lightning by Vehumet.
 23018 | Lair:3   | Learned a level 6 spell: Conjure Ball Lightning
 23363 | Lair:4   | Reached skill level 10 in Conjurations
 23753 | Lair:4   | Reached skill level 13 in Air Magic
 23831 | Lair:4   | Killed from afar by a lindwurm

Skill      XL: |  1  2  3  4  5  6  7  8  9 10 11 12 13 |
---------------+----------------------------------------+-----
Air Magic      | 3 4 5 6 7 8 9 11 12 13 | 13.0
Spellcasting   | 3 4 5 6 7 9 10 11 | 11.5
Short Blades   | 1 3 4 |  4.0
Conjurations   | 1 3 5 6 7 9 10 | 10.0
Dodging        | 4 5 7 |  7.8
Stealth        | 4 5 6 7 8 9 |  9.0
Charms         | 1 |  1.1
Fighting       | 1 2 |  2.4
Shields        | 3 4 |  4.1
Evocations     | 1 |  1.0

Action                   |  1- 3 |  4- 6 |  7- 9 | 10-12 | 13-15 || total
-------------------------+-------+-------+-------+-------+-------++-------
Melee: Dagger            |    11 |    41 |    46 |    24 |    14 ||   136
       Short sword       |       |       |    16 |    21 |       ||    37
 Cast: Shock             |    45 |   206 |   184 |    44 |       ||   479
       Repel Missiles    |     1 |       |     1 |     2 |       ||     4
       Magic Dart        |       |       |   153 |   317 |    64 ||   534
       Static Discharge  |       |       |     4 |       |       ||     4
       Searing Ray       |       |       |     5 |   190 |    64 ||   259
       Force Lance       |       |       |       |     4 |       ||     4
       Lightning Bolt    |       |       |       |    19 |     7 ||    26
       Dazzling Spray    |       |       |       |     5 |       ||     5
       Blink             |       |       |       |       |     1 ||     1
Evoke: Wand              |       |       |       |     1 |     2 ||     3
  Use: Scroll            |     6 |     6 |     5 |    13 |     3 ||    33
       Potion            |       |     2 |     3 |     3 |     3 ||    11
 Stab: Sleeping          |    11 |    14 |     7 |    22 |    12 ||    66
       Distracted        |       |       |     1 |       |       ||     1
       Invisible         |       |       |       |     3 |       ||     3
  Eat: Bread ration      |       |     1 |       |     1 |       ||     2
       Fruit             |       |       |       |    10 |       ||    10
       Pizza             |       |       |       |     1 |       ||     1
Armor: Robe              |     2 |    10 |    10 |    27 |     8 ||    57
Dodge: Dodged            |     7 |   100 |   147 |   269 |   102 ||   625
       Deflected         |       |     1 |     1 |     8 |     1 ||    11
Block: Buckler           |       |       |       |   103 |    31 ||   134
